 Dungeon Crawl Stone Soup version 0.25.0-9-g26727b657a (webtiles) character file.

Game seed: 5604565572292907314

1399 Acheron the Chucker (level 8, -9/60 HPs)
             Began as a Demonspawn Hunter on June 17, 2020.
             Was a Believer of Uskayaw.
             Splashed by a jelly's acid (10 damage)
             ... on level 6 of the Dungeon.
             The game lasted 00:45:19 (9163 turns).

Acheron the Chucker (Demonspawn Hunter)             Turns: 9163, Time: 00:45:23

Health: -9/60      AC: -2    Str: 12    XL:     8   Next: 41%
Magic:  11/11      EV: 12    Int: 13    God:    Uskayaw [**....]
Gold:   203        SH:  0    Dex: 16    Spells: 11/11 levels left

rFire    . . .     SeeInvis .   s - +0 war axe
rCold    . . .     Gourm    .   (no shield)
rNeg     . . .     Faith    .   g - +1 ring mail
rPois    .         Spirit   .   (helmet restricted)
rElec    .         Reflect  .   (no cloak)
rCorr    .         Harm     .   n - +0 pair of gloves
MR       .....                  (no boots)
Stlth    ++........             m - amulet of magic regeneration
HPRegen  0.20/turn              (no ring)
MPRegen  0.37/turn              (no ring)

@: corroded, sanguine armour
A: horns 1, demonic guardian 1, sanguine armour 1
a: Stomp, Line Pass, Renounce Religion


You were on level 6 of the Dungeon.
You worshipped Uskayaw.
Uskayaw was noncommittal.
You were not hungry.

You visited 1 branch of the dungeon, and saw 8 of its levels.

You collected 203 gold pieces.

Inventory:

Hand Weapons
 a - a +0 short sword
 d - a +0 trident
 j - a +2 whip of electrocution
 l - a +0 halberd
 s - a +0 war axe (weapon)
 B - a +2 trident of venom
 J - the +5 trident of Doom {freeze, rC- Int+7 SInv, unknown}
   (You found it on level 6 of the Dungeon)

   It has been specially enchanted to freeze those struck by it, causing extra
   injury to most foes and up to half again as much damage against particularly
   susceptible opponents.
   It can also slow down cold-blooded creatures.
   It affects your intelligence (+7).
   It makes you vulnerable to cold.
   It lets you see invisible.
Missiles
 c - 6 javelins
 e - 16 sling bullets
 o - 2 throwing nets
 r - 109 stones
 t - 2 boomerangs (quivered)
 v - 23 poisoned darts
Armour
 g - a +1 ring mail (worn)
 n - a +0 pair of gloves (worn)
 w - a +0 tower shield
 C - a +0 scale mail
Jewellery
 i - an uncursed ring of protection from cold {unknown}
 m - an amulet of magic regeneration (around neck)
 x - an uncursed ring of stealth {unknown}
 z - an uncursed amulet of the acrobat
 M - an uncursed ring of wizardry {unknown}
Scrolls
 k - 2 scrolls of fog
 p - a scroll of teleportation
 y - a scroll of fear {unknown}
 G - a scroll of enchant armour
Potions
 b - a potion of lignification
 h - a potion of flight {unknown}
 q - 2 potions of stabbing
 u - a potion of magic {unknown}
 E - a potion of cancellation {unknown}
 F - a potion of degeneration {unknown}
 I - a potion of resistance {unknown}
 L - a potion of heal wounds
Comestibles
 f - 6 rations


   Skills:
 * Level 3.7 Fighting
 - Level 1.0 Short Blades
 * Level 4.5 Axes
 * Level 4.8 Throwing
 * Level 3.4 Armour
 * Level 3.2 Dodging
 * Level 3.0 Stealth
 * Level 1.6 Shields
 * Level 2.4 Spellcasting
 * Level 2.9 Invocations


You had 11 spell levels left.
You didn't know any spells.
Your spell library was empty.

Dungeon Overview and Level Annotations

Branches:
Dungeon (8/15)             Temple (0/1) D:5
   Lair: D:8-11

Altars:
Ashenzari
Gozag
Hepliaklqana
Makhleb
Okawaru
Qazlal
Ru
Sif Muna
Uskayaw
Zin

Shops:
D:4 }

Annotations:
D:2 Terence
D:4 exclusion: downstairs
D:6 exclusion: 2 downstairs
D:7 Maggie


Innate Abilities, Weirdness & Mutations

You have a pair of small horns on your head.
A weak demonic guardian rushes to your aid.
When seriously injured, your bleeding wounds create armour. (AC +6)


Message History

You hit the jelly. The acid corrodes you!
Your hands burn!
The jelly is severely wounded.
The jelly closely misses you. The jelly hits you. The acid corrodes you!
You are splashed with acid!
You hit the jelly but do no damage.
Your hands burn!
You headbutt the jelly, but do no damage.
The jelly is severely wounded.
The jelly closely misses you.
Unknown command.
You completely miss the jelly. You headbutt the jelly.
The jelly is almost dead.
The jelly hits you. The acid corrodes you!
You are splashed with acid!
* * * LOW HITPOINT WARNING * * *
You hit the jelly.
Your hands burn!
* * * LOW HITPOINT WARNING * * *
The jelly is almost dead.
The jelly hits you.
* * * LOW HITPOINT WARNING * * *
The acid corrodes you!
You are splashed with acid!
You die...

#.#............#
#..............##
#...............#
####.#........)....####
###.##.#................#
##...##.#...............##
##.....#.#..............##
.......#.......J.....<###
................@....##
.......######.......##
......## ## ##..#####
......# #.####.## .....##
#....#..# ....## #.......#
..### #..W....# .##
#.......## ## #.....#..#


You could see a jelly.

Vanquished Creatures
  2 water moccasins (D:6)
  A sky beast (D:5)
  2 ogres
  3 bullfrogs (D:6)
  A scorpion (D:5)
  A howler monkey (D:3)
  A crimson imp (D:8)
  A bullfrog zombie (D:6)
  An orc priest (D:4)
  A gnoll shaman (D:4)
  2 hounds (D:5)
  2 jellies
  Jessica (D:2)
  An iguana (D:7)
  2 orc wizards (D:4)
  3 worker ants
  A howler monkey skeleton (D:4)
  3 gnolls (D:4)
  5 adders
  A shadow imp (D:5)
  An adder zombie (D:6)
  An adder skeleton (D:6)
  A worm (D:3)
  5 leopard geckos
  21 orcs
  A ball python (D:3)
  3 giant cockroaches
  8 goblins
  5 hobgoblins
  7 jackals
  4 kobolds
  4 quokkas
  7 bats
  3 frilled lizards
  2 leopard gecko skeletons
  A quokka skeleton (D:4)
  6 rats
115 creatures vanquished.

Vanquished Creatures (collateral kills)
  A wolf (D:8)
  An ogre (D:5)
  A phantom (D:6)
  2 orc wizards
  A shadow imp (D:6)
  6 orcs
  A jackal (D:8)
13 creatures vanquished.

Grand Total: 128 creatures vanquished

Notes
Turn   | Place    | Note
-------+----------+-------------------------------------------
     0 | D:1      | Acheron the Demonspawn Hunter began the quest for the Orb.
     0 | D:1      | Reached XP level 1. HP: 16/16 MP: 1/1
   572 | D:1      | Reached skill level 1 in Stealth
   684 | D:1      | Gained mutation: When seriously injured, your bleeding
                  | wounds create armour. (AC +6) [demonic ancestry]
   684 | D:1      | Reached XP level 2. HP: 18/22 MP: 2/2
  1347 | D:2      | Noticed Terence
  1779 | D:2      | Reached XP level 3. HP: 19/27 MP: 3/3
  2073 | D:2      | HP: 1/27 [orc/+0 hand axe (5)]
  2492 | D:3      | Reached skill level 1 in Short Blades
  2918 | D:3      | Found a faded altar of an unknown god.
  3184 | D:3      | Became a worshipper of Uskayaw the Reveler
  3184 | D:3      | Reached * piety under Uskayaw
  3230 | D:3      | Reached skill level 1 in Armour
  3337 | D:3      | Found a glowing silver altar of Zin.
  3338 | D:3      | Found a burning altar of Makhleb.
  3342 | D:3      | Reached XP level 4. HP: 31/34 MP: 4/4
  3344 | D:3      | Reached ** piety under Uskayaw
  3346 | D:3      | Found an iron altar of Okawaru.
  3349 | D:3      | Found a hazy altar of Hepliaklqana.
  3637 | D:2      | Noticed Jessica
  3654 | D:2      | Killed Jessica
  4616 | D:4      | Found a shimmering blue altar of Sif Muna.
  4616 | D:4      | Found an opulent altar of Gozag.
  4635 | D:3      | Reached skill level 1 in Spellcasting
  4635 | D:3      | Reached XP level 5. HP: 17/39 MP: 6/6
  4920 | D:4      | Found a sacrificial altar of Ru.
  4965 | D:3      | Reached *** piety under Uskayaw
  4966 | D:3      | Reached skill level 1 in Axes
  5167 | D:4      | Reached skill level 1 in Invocations
  5174 | D:4      | Gained mutation: A weak demonic guardian rushes to your
                  | aid. [demonic ancestry]
  5174 | D:4      | Reached XP level 6. HP: 25/46 MP: 6/8
  5174 | D:4      | Reached **** piety under Uskayaw
  5637 | D:5      | Entered Level 5 of the Dungeon
  5770 | D:4      | Found Pebbeant's Gadget Boutique.
  6323 | D:5      | Found a shattered altar of Ashenzari.
  6904 | D:5      | Gained mutation: You have a pair of small horns on your
                  | head. [demonic ancestry]
  6904 | D:5      | Reached XP level 7. HP: 52/52 MP: 9/9
  6925 | D:5      | Found a staircase to the Ecumenical Temple.
  7711 | D:6      | Reached skill level 1 in Shields
  7794 | D:6      | Got a polished trident
  8417 | D:6      | Reached XP level 8. HP: 48/58 MP: 11/11
  8502 | D:7      | Noticed Maggie
  8918 | D:6      | Found a stormy altar of Qazlal.
  9163 | D:6      | HP: 1/60 [jelly (3)]
  9163 | D:6      | Splashed by a jelly's acid

Illustrated notes

Levels and vault maps discovered:
D:1:      lightli_arrival_maybe_door_vault, layout_basic
D:2:      layout_loops_corners, uniq_jessica, uniq_terence
D:3:      layout_loops_corners, chequers_temple_overflow_statue_of_worship,
          serial_glass, glass_columns_a, glass_columns_b,
          chequers_ecumenical_altar_island
D:4:      layout_basic, lemuel_crystal_altar, grunt_temple_overflow_open,
          serial_shops, shop, serial_park_tiny_pond
D:5:      layout_rooms, lemuel_doored_altar, minmay_temple_entry_stoned_glass,
          first_ration, small_statue_intersection, grunt_ministairs_2
D:6:      layout_cave_pods, kennysheep_mini
D:7:      layout_loops_ring, yredelemnul_forgotten_temple_becter,
          lemuel_round_altar, nicolae_ossuary_entry_giza, glass_columns_a,
          grunt_livestock, uniq_maggie
D:8:      layout_basic, serial_rivers, chequers_serial_rivers_room_a,
          chequers_serial_rivers_room_b, chequers_serial_rivers_room_b,
          chequers_serial_rivers_micro_a, chequers_serial_rivers_micro_b,
          hangedman_decor_lopped, uniq_pikel, uniq_psyche, uniq_grum

Skill      XL: |  1  2  3  4  5  6  7  8 |
---------------+-------------------------+-----
Stealth        | 1 2 3 |  3.0
Dodging        | 2 3 |  3.2
Throwing       | 4 |  4.8
Short Blades   | 1 |  1.0
Armour         | 1 2 3 |  3.4
Spellcasting   | 1 2 |  2.4
Axes           | 1 2 3 4 |  4.5
Invocations    | 1 2 |  2.9
Fighting       | 3 |  3.7
Shields        | 1 |  1.6

Action                   |  1- 3 |  4- 6 |  7- 9 || total
-------------------------+-------+-------+-------++-------
Melee: Short sword       |   169 |    43 |       ||   212
       War axe           |       |   158 |   149 ||   307
       Headbutt          |       |       |    26 ||    26
Throw: Throwing net      |     2 |       |       ||     2
       Javelin           |     1 |       |       ||     1
       Boomerang         |       |    11 |     6 ||    17
  Use: Scroll            |     6 |     3 |     8 ||    17
       Potion            |       |     4 |       ||     4
 Stab: Sleeping          |     1 |     1 |       ||     2
       Paralysed         |       |     2 |     1 ||     3
       Distracted        |       |       |     1 ||     1
  Eat: Chunk             |     4 |     8 |     2 ||    14
       Ration            |     1 |     1 |     2 ||     4
Armor: Leather armour    |    17 |       |       ||    17
       Ring mail         |    44 |    92 |    71 ||   207
       Skin              |       |    12 |       ||    12
Dodge: Dodged            |   102 |   136 |   110 ||   348
